 Dungeon Crawl Stone Soup version 0.16-a0-4056-gee4db93 (webtiles) character file.

34 vatarom the Skirmisher (level 3, -5/29 HPs)
             Began as a Demonspawn Chaos Knight on Feb 20, 2015.
             Killed from afar by an orc wizard (7 damage)
             ... with a magic dart
             ... on level 3 of the Dungeon.
             The game lasted 00:02:36 (1325 turns).

vatarom the Skirmisher (Demonspawn Chaos Knight)    Turns: 1325, Time: 00:02:36

Health: -5/29      AC:  6    Str: 13    XL:     3   Next: 14%
Magic:  3/3        EV: 11    Int: 13    God:    Xom [....*.]
Gold:   113        SH:  0    Dex: 12    Spells: 0 memorised, 2 levels left

rFire  . . .     SeeInvis .     e - +1 whip (elec)
rCold  . . .     Clarity  .     b - +2 leather armour
rNeg   . . .     SustAb   .     (no shield)
rPois  .         Gourm    .     (helmet restricted)
rElec  .         Spirit   .     (no cloak)
rCorr  .         Warding  .     (no gloves)
rMut   .         Stasis   .     (no boots)
MR     .....                    (no amulet)
Stlth  +.........               (no ring)
                                (no ring)

@: not resistant to hostile enchantments, very unstealthy
A: antennae 1, icy blue scales 1
a: Renounce Religion


You were on level 3 of the Dungeon.
You worshipped Xom.
You were a beloved toy of Xom.
You were not hungry.

You visited 1 branch of the dungeon, and saw 3 of its levels.

You collected 113 gold pieces.

Inventory:

Hand weapons
 a - a +0 mace of chaos
 e - a +1 whip of electrocution (weapon)
Armour
 b - a +2 leather armour (worn)
Potions
 h - 2 potions of curing {unknown}
 i - a potion of restore abilities {unknown}
 j - a potion of brilliance {unknown}
 k - a potion of heal wounds {unknown}
Comestibles
 c - 2 bread rations
 d - 2 slices of pizza
 f - 2 beef jerkies
 l - a meat ration


   Skills:
 - Level 3.4 Fighting
 + Level 3.3 Maces & Flails
 - Level 2.0 Armour
 - Level 1.0 Dodging


You had 2 spell levels left.
You didn't know any spells.

Dungeon Overview and Level Annotations

Branches:
Dungeon (3/15)

Altars:
Sif Muna
The Shining One


Innate Abilities, Weirdness & Mutations

You have a pair of small antennae on your head.
You are partially covered in icy blue scales (AC +1).


Message History

You completely miss the orc wizard.
The orc wizard is lightly wounded.
The orc wizard hits you with a dagger. The orc barely misses you.
You hit the orc wizard but do no damage.
The orc wizard is lightly wounded.
The orc wizard hits you with a dagger. The orc hits you with a morningstar.
* * * LOW HITPOINT WARNING * * *
You are too injured to fight recklessly!
You closely miss the orc wizard.
The orc wizard is lightly wounded.
The orc wizard casts a spell at you. The magic dart hits you!
* * * LOW HITPOINT WARNING * * *
Drink which item? (? for menu, Esc to quit)
It was a potion of cure mutation.
It has a very clean taste.
The orc misses you.
The orc wizard points at you and mumbles some strange words.
The magic dart hits you!
You die...
Xom roars with laughter!

g. #.##.# .o.#
####....# . .⌠#
#....#### ...# #.##.#
###.#### #.##.#
#......# #.##.#
#####.###..# #.##.#
#.....o.#..# #.##.# #
#.###.#@#†.####.##.....
#.o......).......#
######.####.####.# #.#
#.# ### #.# ##8## #.#
8.(.8 ### #.....#
_....._


You could see an orc wizard and an orc.

Vanquished Creatures
  A crimson imp (D:1)
  An orc (D:3)
  A giant cockroach (D:2)
  4 hobgoblins
  3 jackals (D:2)
  4 kobolds
  8 bats
  3 giant newts (D:1)
  4 goblins
  6 rats
35 creatures vanquished.

Notes
Turn   | Place    | Note
--------------------------------------------------------------
     0 | D:1      | vatarom, the Demonspawn Chaos Knight, began the quest for the Orb.
     0 | D:1      | Reached XP level 1. HP: 18/18 MP: 1/1
    91 | D:1      | Reached skill level 1 in Dodging
   404 | D:1      | Gained mutation: You are partially covered in icy blue scales (AC +1). [demonic ancestry]
   404 | D:1      | Reached XP level 2. HP: 24/24 MP: 2/2
   406 | D:1      | XOM: mild Summ miscast
   770 | D:2      | XOM: noise
   954 | D:2      | XOM: 3-stop teleportation journey
  1279 | D:3      | Gained mutation: You have a pair of small antennae on your head. [demonic ancestry]
  1279 | D:3      | Reached XP level 3. HP: 29/29 MP: 3/3
  1304 | D:3      | Found a deep blue altar of Sif Muna.
  1305 | D:3      | Found a glowing golden altar of the Shining One.
  1325 | D:3      | Killed from afar by an orc wizard

Action                   || total
-------------------------++-------
Melee: Mace              ||    16
       Whip              ||    95
  Use: Scroll            ||     4
       Potion            ||     2
  Eat: Bread ration      ||     1
